 Dungeon Crawl Stone Soup version 0.28-a0-657-g71136c5590 (webtiles) character file.

Game seed: 12053818924791024740

3 siradein the Caller (level 1, -3/13 HPs)
             Began as a Demonspawn Summoner on Oct 13, 2021.
             Slain by a kobold (4 damage)
             ... on level 1 of the Dungeon.
             The game lasted 00:00:26 (456 turns).

siradein the Caller (Demonspawn Summoner)            Turns: 456, Time: 00:00:27

Health: -3/13      AC:  2    Str:  8    XL:     1   Next: 41%
Magic:  1/3        EV: 12    Int: 16    God:
Gold:   11         SH:  0    Dex: 13    Spells: 3/4 levels left

rFire   . . .      SeeInvis .   (no weapon)
rCold   . . .      Faith    .   (no shield)
rNeg    . . .      Spirit   .   a - +0 robe
rPois   .          Reflect  .   (no helmet)
rElec   .          Harm     .   (no cloak)
rCorr   .          Rampage  .   (no gloves)
Will    .....                   (no boots)
Stlth   ++........              (no amulet)
HPRegen 0.04/turn               (no ring)
MPRegen 0.08/turn               (no ring)

@: no status effects
A: no striking features
a: no special abilities


You were on level 1 of the Dungeon.
You visited 1 branch of the dungeon, and saw 1 of its levels.

You collected 11 gold pieces.

Inventory:

Armour
 a - a +0 robe (worn)
Scrolls
 b - 2 scrolls of immolation {unknown}


   Skills:
 + Level 1.8 Dodging
 + Level 1.9 Stealth
 + Level 2.0 Spellcasting
 + Level 4.0 Summonings


You had 3 spell levels left.
You knew the following spells:

 Your Spells              Type           Power      Damage    Failure   Level
a - Summon Small Mammal   Summ           56%        N/A       4%          1

Your spell library contained the following spells:

 Spells                   Type           Power      Damage    Failure   Level
 Call Imp                 Summ           14%        N/A       6%          2
 Call Canine Familiar     Summ           14%        N/A       12%         3
 Summon Guardian Golem    Hex/Summ       8%         N/A       26%         3
 Summon Lightning Spire   Summ/Air       8%         N/A       65%         4


Dungeon Overview and Level Annotations

Branches:
Dungeon (1/15)

Altars:


Message History

The endoplasm dies!
The kobold hits your quokka with a +0 short sword.
You closely miss the bat. The bat hits you but does no damage.
Your quokka barely misses the kobold.
The kobold misses your quokka.
You closely miss the bat. The bat hits you.
The bat hits your quokka but does no damage.
You hit the kobold but do no damage. The bat hits your quokka.
Your quokka dies!
Your quokka's corpse disappears in a puff of smoke!
The kobold hits you with a +0 short sword.
You miss the bat. The bat hits you but does no damage. The kobold misses you.
You closely miss the kobold. The bat misses you. The bat closely misses you.
The kobold completely misses you.
You hit the kobold but do no damage. The bat closely misses you.
The kobold hits you but does no damage.
You closely miss the kobold. The bat hits you but does no damage.
The kobold hits you with a +0 short sword.
Casting: Summon Small Mammal (safe; 4% risk of failure)
Press: ? - help, Q - select action Dir - look around, f - activate The bat hits you but does no damage.
The bat hits your rat.
The kobold hits you with a +0 short sword.
You are too injured to fight recklessly!
You are too injured to fight recklessly!
You are too injured to fight recklessly!
You are too injured to fight recklessly!
Unknown command.
You miss the bat. The bat barely misses you.
The bat hits you but does no damage.
The kobold hits you with a +0 short sword.
* * * LOW HITPOINT WARNING * * *
Your rat closely misses the bat.
The bat barely misses you.
Your rat bites the kobold but does no damage.
The bat barely misses you.
Casting: Summon Small Mammal (safe; 4% risk of failure)
Press: ? - help, Q - select action Dir - look around, f - activate The bat barely misses you.
The bat closely misses you.
Your rat bites the kobold but does no damage.
The kobold hits you with a +0 short sword.
You die...

#########..#
#.......#..#
#.......#..#######
#..###..#........#
#..#_+†.#........#
#..###..#........#
#.......#r....# #
#......)#..Kr.#
#..####'####.b@..#
#............#####
#.####.#######
#.## #..#
##.#########
+...........
###.######.# #[.#


You could see a bat (ally target), a kobold (ally target), a friendly quokka
(summoned) and a friendly rat (summoned).

Vanquished Creatures
  A ball python (D:1)
1 creature vanquished.

Vanquished Creatures (collateral kills)
  2 endoplasms (D:1)
2 creatures vanquished.

Grand Total: 3 creatures vanquished

Notes
Turn   | Place    | Note
-------+----------+-------------------------------------------
     0 | D:1      | siradein the Demonspawn Summoner began the quest for the
                  | Orb.
     0 | D:1      | Reached XP level 1. HP: 13/13 MP: 3/3
   240 | D:1      | Found a faded altar of an unknown god.
   456 | D:1      | Slain by a kobold

Illustrated notes

Levels and vault maps discovered:
D:1:      moated_graveyard_arrival, layout_basic,
          hellmonk_ecumenical_altar_inner_sanctum

Action                   || total
-------------------------++-------
Melee: Unarmed           ||    26
 Cast: Summon Small Mamm ||     5
 Stab: Sleeping          ||     2
Armor: Robe              ||    12
Dodge: Dodged            ||    24

Table legend: (Time is in decaauts)
 A = Elapsed time spent in this place.
 B = Non-inter-level travel time spent in this place.
 C = Inter-level travel time spent in this place.
 D = Time resting spent in this place.
 E = Time spent auto-exploring this place.
 F = Levels seen in this place.
 G = Mean time per level.
                   A        B        C        D        E       F      G
               +--------+--------+--------+--------+--------+-----+--------+
         Total |    456 |    456 |      0 |      0 |    404 |   1 |  456.0 |
       Dungeon |    456 |    456 |      0 |      0 |    404 |   1 |  456.0 |
               +--------+--------+--------+--------+--------+-----+--------+

Top non-repeatable levels by time:
     D:1: 456 daAuts
